Map: Orbital Shipyard

Players

xKawaiian - Winner!

  • Race: Terran Terran
  • League: Master

IIllIIlIllll

  • Race: Protoss Protoss
  • League: Grandmaster

VOD

Have the link to the VOD?

Description

Time

  • Played on: Jan. 13, 2016, 8:27 p.m.
  • Length: 18:37
Show
View Real Time Build Order
Export as new Build Order

xKawaiian Terran - Winner!

Build Orders: Reaper Expand, MMM Bio 

Get SALT Encoding   

  12  0:00  SCV  
  13  0:13  SCV  
  14  0:18  Supply Depot  
  14  0:25  SCV  
  15  0:39  SCV  
  15  0:40  Barracks  
  16  0:45  Refinery  
  16  0:51  SCV  
  17  1:03  SCV  
  18  1:15  SCV  
  19  1:29  Reaper, Orbital Command  
  20  1:40  Command Center  
  20  1:51  Supply Depot  
  20  1:54  SCV  
  21  2:02  Barracks Reactor  
  21  2:06  SCV  
  21  2:07  Barracks  
  22  2:18  Barracks  
  22  2:19  SCV  
  23  2:31  SCV  
  24  2:41  Marine  
  24  2:43  SCV  
  26  2:48  Marine  
  27  2:54  Orbital Command  
  27  2:55  SCV, Barracks Tech Lab  
  27  3:04  Factory  
  27  3:06  Marine x2  
  27  3:07  SCV  
  27  3:11  Marine  
  31  3:17  Stimpack  
  31  3:19  SCV  
  32  3:20  SCV, Refinery  
  32  3:23  Marine  
  32  3:24  Marine  
  35  3:28  Marine  
  35  3:31  SCV  
  35  3:32  SCV  
  35  3:33  Marine  
  39  3:38  Supply Depot  
  39  3:41  Marine  
  40  3:43  SCV  
  40  3:45  SCV, Marine  
  40  3:46  Marine  
  44  3:49  Starport  
  44  3:54  Factory Reactor  
  44  3:55  SCV  
  44  3:56  Marine  
  44  3:57  Supply Depot  
  46  4:03  SCV, Supply Depot  
  46  4:04  Marine  
  46  4:06  Marine  
  46  4:07  SCV  
  50  4:13  Marine  
  50  4:15  SCV  
  52  4:20  SCV, Supply Depot, Marine  
  52  4:22  Marine  
  55  4:25  Marine  
  55  4:27  SCV  
  57  4:33  Medivac x2  
  57  4:36  Marine  
  57  4:37  SCV  
  57  4:38  Marine  
  63  4:39  SCV  
  63  4:44  Supply Depot, Marine  
  66  4:49  SCV  
  67  4:55  Command Center  
  67  4:56  SCV  
  67  4:58  Marine  
  70  5:02  SCV  
  70  5:04  Engineering Bay  
  71  5:07  Engineering Bay  
  71  5:13  Marauder, Marine  
  73  5:14  Barracks Tech Lab  
  73  5:16  SCV x2  
  73  5:18  Refinery  
  73  5:20  Refinery, Marine  
  76  5:22  Combat Shields  
  76  5:28  SCV x2  
  78  5:30  Factory Reactor, Medivac  
  78  5:31  Marine  
  81  5:36  Marine  
  81  5:37  Marauder  
  81  5:40  SCV  
  81  5:42  SCV  
  86  5:56  Barracks  
  86  5:57  Barracks  
  86  6:06  SCV x2, Marine x3  
  86  6:07  Marauder  
  93  6:13  Medivac  
  93  6:14  Medivac  
  97  6:18  SCV x2  
  97  6:20  Terran Infantry Weapons Level 1  
  97  6:21  Terran Infantry Armor Level 1  
  97  6:24  Marauder  
  101  6:32  Marine  
  100  6:33  Marine  
  100  6:34  Marauder  
  98  6:41  Widow Mine  
  98  6:46  Barracks Tech Lab x2  
  100  6:48  Orbital Command  
  100  6:49  SCV  
  100  6:50  Supply Depot  
  100  6:51  Supply Depot  
  101  6:54  Marine x2  
  101  6:56  Medivac  
  101  6:57  Marauder  
  101  6:58  Barracks, Marauder  
  101  6:59  Supply Depot  
  88  7:09  Medivac  
  88  7:12  Marine x2  
  88  7:15  Marauder, Marine  
  89  7:19  Marauder, Marine  
  89  7:22  SCV  
  87  7:27  SCV  
  87  7:28  SCV  
  83  7:30  Marine x2  
  83  7:33  Marauder  
  83  7:34  SCV  
  83  7:35  Armory  
  86  7:37  Marauder x2  
  86  7:39  Missile Turret, Widow Mine  
  86  7:40  Missile Turret, Marine  
  86  7:41  SCV  
  86  7:42  Missile Turret  
  86  7:43  Concussive Shells  
  92  7:48  Missile Turret  
  92  7:49  Missile Turret  
  92  7:51  Missile Turret  
  92  7:53  Marine  
  93  7:59  Marine x2  
  93  8:03  SCV  
  93  8:05  SCV  
  92  8:10  Marine x2  
  93  8:16  SCV x2  
  93  8:17  SCV  
  93  8:19  Refinery  
  94  8:20  Barracks Tech Lab, Refinery  
  94  8:22  Terran Infantry Weapons Level 2  
  94  8:23  Marauder, Terran Infantry Armor Level 2  
  94  8:25  Marine  
  94  8:26  Marauder  
  99  8:28  SCV x2  
  99  8:29  Widow Mine  
  99  8:30  Marine  
  104  8:36  Missile Turret  
  104  8:38  SCV  
  104  8:40  SCV  
  106  8:43  Marauder, Marine x2  
  106  8:44  Marauder, Marine  
  106  8:46  Medivac  
  106  8:47  Marauder  
  117  8:54  Widow Mine, Marine  
  120  8:57  Widow Mine  
  120  9:01  Marine, Marauder  
  125  9:06  Supply Depot  
  125  9:07  Supply Depot  
  125  9:13  Supply Depot  
  125  9:16  Terran Vehicle And Ship Armor Level 1  
  125  9:27  Widow Mine x2  
  125  9:28  Marauder x2, Marine x5  
  135  9:32  Medivac  
  135  9:33  Medivac  
  114  9:45  Marine x2  
  114  9:46  Marauder, Marine x2  
  114  9:49  Marine  
  114  9:50  Marauder  
  114  9:53  SCV x3  
  114  9:56  Widow Mine x2  
  121  10:02  Medivac  
  121  10:03  Marine x2  
  121  10:04  Marine x2  
  127  10:07  Marine x2  
  127  10:09  Supply Depot  
  127  10:11  Marine  
  130  10:21  Marine x4  
  130  10:24  Widow Mine  
  130  10:25  Marauder, Medivac, Marine  
  141  10:29  Marauder  
  141  10:32  Command Center, Medivac  
  143  10:36  Widow Mine  
  143  10:39  Marine x2  
  142  10:43  Marauder  
  142  10:46  SCV  
  143  10:50  Marine  
  143  10:51  Marauder  
  143  10:53  Widow Mine  
  143  10:55  Marine, Medivac  
  143  10:56  Marauder  
  143  10:57  Marauder, Marine  
  151  11:00  Supply Depot x2  
  153  11:05  SCV x2  
  153  11:10  Medivac  
  152  11:15  Marine x2  
  152  11:16  Marauder  
  152  11:17  Marine  
  154  11:25  Medivac  
  152  11:29  Marauder x2, Marine  
  152  11:30  Missile Turret  
  157  11:34  Marine x2  
  157  11:36  Marauder  
  163  11:40  Medivac, Marauder  
  163  11:46  Marine  
  166  11:47  Terran Infantry Weapons Level 3  
  166  11:51  Marine x2  
  165  11:55  Medivac  
  165  11:56  Marine  
  165  11:57  Marauder  
  165  11:59  Marine  
  165  12:01  Marine  
  166  12:04  Marine  
  154  12:12  Marauder, Marine  
  154  12:14  Marine, Medivac  
  153  12:17  Marine  
  153  12:18  Marine, Marauder  
  155  12:23  Terran Infantry Armor Level 3  
  155  12:26  Planetary Fortress  
  153  12:31  Marine  
  153  12:32  Marauder, Marine  
  153  12:34  Marauder  
  153  12:35  Marine  
  154  12:37  Marauder  
  154  12:39  Marine  
  154  12:43  Widow Mine  
  155  12:49  Marine  
  157  12:52  Marine  
  157  12:53  Marauder  
  157  12:55  Marauder  
  157  12:58  Marine, Marauder  
  162  13:01  Command Center, SCV  
  162  13:04  Marauder, Liberator x2  
  165  13:07  Marine  
  165  13:10  Marine  
  165  13:13  Widow Mine  
  165  13:14  Marauder  
  165  13:15  Marine  
  165  13:16  Marine  
  165  13:19  Marauder  
  173  13:25  Marine x2  
  181  13:34  Marauder  
  172  13:35  Widow Mine  
  172  13:36  Marauder, Marine x2  
  157  13:41  Widow Mine, Marauder  
  157  13:43  Marine x2  
  135  13:54  Marauder, Marine  
  135  13:55  Marine  
  129  13:56  Starport  
  129  13:57  Marine  
  129  13:58  Fusion Core  
  129  14:01  Marauder, Marine  
  129  14:02  Marine  
  132  14:04  Widow Mine  
  132  14:07  Liberator  
  134  14:12  Marine  
  134  14:13  Marauder  
  134  14:15  Marine  
  134  14:16  Planetary Fortress, Liberator, Marauder  
  140  14:17  SCV, Missile Turret  
  140  14:18  Marine  
  140  14:20  Marauder  
  140  14:22  Marine  
  145  14:29  Marine  
  149  14:34  Marauder x2  
  149  14:35  Starport Tech Lab  
  149  14:36  Marine  
  149  14:37  Marine  
  158  14:40  Marine  
  158  14:44  Missile Turret  
  158  14:45  Missile Turret  
  159  14:48  Missile Turret  
  159  14:51  Marine, Liberator  
  159  14:52  Marauder  
  162  14:54  Marine  
  162  14:55  Marine x2  
  162  14:56  Marauder  
  162  14:59  Missile Turret  
  164  15:00  Building Armor  
  164  15:02  Marine  
  165  15:09  Marine  
  165  15:11  Advanced Ballistics  
  167  15:23  Terran Vehicle And Ship Armor Level 2  
  167  15:29  Marine x2  
  167  15:30  Marine, Marauder  
  167  15:34  Command Center, Marauder, Marine  
  167  15:35  Marine  
  176  15:48  Marine  
  176  15:49  Marauder  
  165  15:55  Marauder x2, Marine x3  
  131  16:06  Marine  
  131  16:07  Widow Mine x2  
  131  16:10  Marauder  
  128  16:12  Marine  
  128  16:13  Marauder x2  
  128  16:15  Liberator  
  128  16:16  Marine  
  128  16:17  Marauder  
  136  16:19  Medivac x2  
  136  16:24  Marine  
  141  16:30  Marine  
  141  16:32  Liberator, Marauder  
  144  16:34  Marine, Marauder x2  
  144  16:35  Widow Mine  
  144  16:38  Marauder  
  156  16:42  Marine  
  152  16:48  Marine  
  152  16:49  Planetary Fortress  
  152  16:52  Missile Turret  
  152  16:53  Widow Mine, Marauder x2  
  162  16:55  Liberator, Marine  
  162  16:56  Marauder  
  162  16:59  Marine  
  162  17:00  Marine  
  167  17:04  Widow Mine  
  167  17:05  Hi-Sec Auto Tracking, Liberator  
  167  17:06  Marine  
  170  17:12  Missile Turret  
  170  17:13  Marauder  
  170  17:14  Marauder, Marine  
  170  17:15  Liberator  
  178  17:17  Marauder, Marine  
  178  17:19  Marine  
  185  17:24  Marine  
  185  17:32  Marauder  
  185  17:33  SCV  
  185  17:34  Marine  
  185  17:35  Marine, Marauder  
  191  17:37  Marine  
  191  17:39  Marauder  
  191  17:41  Marine  
  195  17:47  Ghost Academy  
  195  17:53  Marauder x2  
  195  17:55  Marine  
  200  18:04  Marine  
  197  18:07  Missile Turret  
  197  18:09  Command Center, Marauder x2, Marine  
  197  18:12  Missile Turret  
  200  18:15  Marauder, Marine x2  
Show
View Real Time Build Order
Export as new Build Order

IIllIIlIllll Protoss 

Build Orders: 1 Gate Expand, Phoenix Opening 

Get SALT Encoding   

  12  0:01  Probe (Chrono Boost)  
  13  0:11  Probe (Chrono Boost)  
  14  0:17  Pylon  
  14  0:22  Probe (Chrono Boost)  
  15  0:35  Probe (Chrono Boost)  
  16  0:37  Gateway  
  16  0:46  Probe (Chrono Boost)  
  17  0:56  Probe (Chrono Boost)  
  18  1:13  Nexus  
  19  1:20  Assimilator  
  18  1:26  Cybernetics Core  
  18  1:28  Probe (Chrono Boost)  
  19  1:34  Assimilator  
  19  1:38  Probe (Chrono Boost)  
  20  1:49  Probe (Chrono Boost), Pylon  
  21  1:59  Probe (Chrono Boost)  
  22  2:06  Warp Gate  
  22  2:07  Adept (Chrono Boost)  
  24  2:10  Probe  
  25  2:16  Pylon  
  25  2:25  Mothership Core (Chrono Boost)  
  25  2:26  Probe (Chrono Boost)  
  28  2:37  Probe (Chrono Boost)  
  30  2:44  Probe (Chrono Boost)  
  30  2:48  Probe (Chrono Boost)  
  31  2:54  Probe (Chrono Boost)  
  33  2:58  Probe (Chrono Boost)  
  33  3:01  Robotics Facility  
  33  3:05  Probe (Chrono Boost)  
  34  3:09  Probe (Chrono Boost)  
  35  3:13  Stargate  
  35  3:16  Probe (Chrono Boost)  
  35  3:19  Probe (Chrono Boost)  
  37  3:24  Gateway  
  37  3:26  Probe (Chrono Boost)  
  38  3:30  Probe (Chrono Boost)  
  38  3:33  Gateway  
  39  3:37  Probe (Chrono Boost)  
  39  3:40  Probe (Chrono Boost)  
  41  3:41  Assimilator  
  41  3:46  Assimilator  
  41  3:47  Probe (Chrono Boost), Observer (Chrono Boost)  
  42  3:49  Probe  
  44  3:57  Phoenix (Chrono Boost)  
  44  3:59  Probe  
  44  4:01  Pylon  
  44  4:02  Probe  
  48  4:07  Observer  
  49  4:11  Probe  
  49  4:14  Probe  
  51  4:19  Phoenix (Chrono Boost)  
  51  4:20  Pylon  
  51  4:23  Probe  
  54  4:26  Probe  
  54  4:27  Pylon  
  54  4:29  Pylon  
  55  4:35  Probe, Immortal  
  55  4:38  Probe  
  57  4:39  Sentry  
  63  4:47  Probe  
  63  4:50  Probe, Phoenix (Chrono Boost)  
  67  4:59  Probe  
  68  5:06  Nexus, Pylon  
  68  5:10  Probe  
  68  5:11  Probe  
  70  5:15  Forge  
  70  5:16  Twilight Council, Observer  
  71  5:23  Phoenix (Chrono Boost)  
  71  5:27  Probe  
  74  5:33  Probe  
  75  5:38  Gateway  
  75  5:39  Gateway  
  75  5:42  Gateway  
  75  5:45  Gateway, Probe  
  74  5:50  Adept  
  74  5:52  Adept  
  74  5:53  Adept  
  79  6:04  Immortal, Probe  
  75  6:10  Probe  
  79  6:19  Adept x3  
  79  6:21  Probe  
  79  6:25  Pylon  
  84  6:38  Probe  
  75  6:41  Adept x2  
  75  6:42  Adept  
  75  6:46  Protoss Ground Armor Level 1  
  77  6:47  Adept x4  
  77  6:49  Probe, Resonating Glaives (Chrono Boost)  
  77  6:50  Probe  
  73  7:07  Adept x6  
  73  7:08  Adept  
  73  7:19  Immortal  
  73  7:21  Probe  
  74  7:24  Mothership Core  
  76  7:30  Pylon  
  76  7:33  Probe  
  76  7:36  Nexus  
  77  7:37  Pylon  
  77  7:39  Templar Archives  
  77  7:45  Probe  
  77  7:48  Pylon  
  78  7:52  Pylon  
  78  7:53  Warp Prism  
  78  7:55  Probe  
  81  8:04  Probe  
  82  8:08  Probe  
  83  8:16  Probe  
  82  8:20  High Templar x4  
  82  8:22  Probe  
  82  8:25  Psionic Storm  
  82  8:26  Assimilator  
  91  8:29  Observer  
  91  8:30  Assimilator  
  92  8:42  Probe x2  
  94  8:58  Adept x3  
  94  8:59  Archon  
  100  9:03  Adept x4  
  100  9:04  Protoss Ground Weapons Level 1  
  100  9:05  Pylon  
  100  9:07  Pylon  
  100  9:09  Pylon  
  108  9:10  Pylon  
  109  9:17  Probe  
  109  9:24  Immortal  
  110  9:28  Adept x5  
  110  9:29  Probe  
  113  9:33  Probe  
  113  9:36  Adept x2  
  104  9:41  Probe  
  104  9:45  Probe  
  96  9:50  Adept x3  
  96  9:53  Probe  
  96  9:57  Probe  
  96  10:03  Observer  
  96  10:05  Probe  
  96  10:07  High Templar  
  100  10:13  Pylon  
  100  10:15  Pylon  
  100  10:16  Pylon  
  100  10:25  Immortal  
  100  10:26  Pylon  
  100  10:28  Pylon  
  100  10:32  Adept  
  100  10:33  Adept x2  
  103  10:36  Nexus  
  103  10:38  High Templar x2  
  105  10:56  Probe  
  106  10:58  Probe  
  101  11:08  Probe  
  101  11:10  Probe  
  102  11:13  Probe  
  97  11:18  High Templar x2  
  97  11:19  High Templar x2  
  97  11:25  Probe x2  
  107  11:27  Pylon  
  107  11:28  Probe, High Templar  
  110  11:35  Adept  
  110  11:36  Adept  
  110  11:37  Probe  
  113  11:48  Immortal  
  114  12:00  Adept x5  
  114  12:01  Adept  
  110  12:16  Probe  
  110  12:20  Stalker x3  
  110  12:21  Stalker x4  
  117  12:37  Probe  
  117  12:41  Photon Cannon  
  118  12:50  Adept x5  
  118  12:51  Adept x2  
  132  13:00  Pylon  
  132  13:04  Nexus  
  132  13:05  Probe  
  132  13:06  Probe  
  132  13:07  Probe  
  134  13:13  High Templar  
  134  13:17  Adept  
  134  13:19  High Templar x5  
  148  13:24  Archon  
  148  13:25  Protoss Ground Weapons Level 2  
  144  13:34  Archon  
  144  13:39  Archon  
  120  13:45  High Templar  
  120  13:46  Probe x2  
  124  13:54  High Templar  
  124  13:55  Probe, Adept x5  
  134  13:58  Probe  
  134  14:00  Pylon  
  134  14:02  Assimilator  
  134  14:05  Probe x2  
  134  14:07  Observer  
  134  14:08  Assimilator  
  137  14:16  Probe  
  138  14:17  High Templar  
  138  14:20  Photon Cannon x2  
  138  14:22  High Templar  
  142  14:25  Pylon  
  142  14:32  Photon Cannon  
  142  14:34  Adept x2  
  146  14:42  Observer  
  146  14:45  High Templar  
  149  14:47  High Templar  
  151  15:01  Nexus  
  151  15:02  Pylon  
  150  15:11  Stalker x5  
  160  15:21  Pylon  
  160  15:22  Stargate  
  160  15:25  Probe  
  160  15:26  Probe  
  160  15:27  Probe x2  
  164  15:33  Pylon, High Templar x2  
  168  15:38  Archon  
  167  15:49  Archon  
  157  15:53  Stalker x3  
  153  16:03  Stalker  
  153  16:04  Stalker  
  103  16:17  High Templar x3  
  109  16:30  Zealot x4  
  117  16:35  Fleet Beacon  
  115  16:50  Probe, Nexus  
  115  16:51  Probe  
  115  16:52  Pylon, Oracle (Chrono Boost)  
  120  17:00  High Templar  
  122  17:05  Probe  
  122  17:09  Observer (Chrono Boost)  
  122  17:18  Adept x3, Assimilator  
  122  17:19  Adept  
  128  17:25  Adept x2  
  132  17:40  High Templar x2  
  136  17:50  Tempest (Chrono Boost)  
  140  17:55  Assimilator  
  140  18:00  Assimilator  
  140  18:04  Photon Cannon  
  136  18:06  Adept x5  
  136  18:07  Photon Cannon  
  136  18:10  Photon Cannon  
Tags
 
Add a new tag
Caveats
  • Supply blocks, unpowered buildings, or Contaminate may cause inaccurate times.
  • Supply counts are checked every 10 seconds.